 Dungeon Crawl Stone Soup version 0.32-a0-422-g28b100f618 (webtiles) character file.

Game seed: 9933406996921324851

178401 Alarak the Severer (level 17, -5/161 HPs)
             Began as a Mountain Dwarf Fighter on Feb 21, 2024.
             Was a High Priest of Qazlal.
             Slain by a salamander
             ... wielding a +4 spear
              (16 damage)
             ... on level 3 of the Snake Pit.
             The game lasted 01:36:04 (25063 turns).

Alarak the Severer (Mountain Dwarf Fighter)        Turns: 25063, Time: 01:36:06

Health: -5/161     AC: 28    Str: 30    XL:     17   Next: 57%
Magic:  4/26       EV: 18    Int: 16    God:    Qazlal [*****.]
Gold:   274        SH:  7    Dex:  9    Spells: 16/16 levels left

rFire   + . .        z - +8 halberd of Lagokaan {flame, rPois Will+ Int-2 Stlth+}
rCold   + . .        (shield currently unavailable)
rNeg    . . .        y - +1 plate armour {rC+}
rPois   .            B - +2 hat
rElec   .            g - scarf {repulsion}
rCorr   .            u - +5 pair of gloves of Pogetz {^Drain Int+6}
SInv    .            Q - +1 pair of boots
Will    +++..        I - amulet of regeneration Stlth
                     G - +6 ring of strength
HPRegen 1.26/turn    A - ring of the Hare {EV+10}
MPRegen 0.20/turn

%: repel missiles
@: brilliant, lethally poisoned (-5 -> -9), poison vulnerable, protected from
fire, enlightened, flying, hasted, studying 2 skills, very quick
A: runic magic, artefact enchanting
a: Renounce Religion, Upheaval, Elemental Force, Disaster Area


You were on level 3 of the Snake Pit.
You worshipped Qazlal.
Qazlal was extremely pleased with you.
You visited 4 branches of the dungeon, and saw 25 of its levels.
You visited 1 bazaar.
You also visited: Bailey.

You collected 2800 gold pieces.
You spent 2526 gold pieces at shops.

Inventory:

Hand Weapons
 n - the +3 broad axe "Zoputweu" {vamp, Dex+4}
   (You bought it in a shop on level 2 of the Orcish Mines)

   Dex+4:     It affects your dexterity (+4).
 z - the +8 halberd of Lagokaan (weapon) {flame, rPois Will+ Int-2 Stlth+}
   (You found it on level 7 of the Dungeon)

   Int-2:     It affects your intelligence (-2).
   rPois:     It protects you from poison Will+: It increases your willpower.
   Stlth+:    It makes you more stealthy.
 R - the +10 bardiche of True Grit {flame, Will+ Int+3}
   (You bought it in a shop on level 2 of the Orcish Mines)

   Int+3:     It affects your intelligence (+3).
   Will+:     It increases your willpower.
Missiles
 Z - 2 throwing nets (quivered)
Armour
 c - a +0 buckler
 g - a scarf of repulsion (worn)
 u - the +5 pair of gloves of Pogetz (worn) {^Drain Int+6}
   (You bought it in a shop on level 5 of the Dungeon)

   Int+6:     It affects your intelligence (+6).
   ^Drain:    It drains your maximum health when unequipped.
 y - a +1 plate armour of cold resistance (worn)
 B - a +2 hat (worn)
 P - a +0 pair of gloves of strength
 Q - a +1 pair of boots (worn)
 Y - a +2 kite shield of poison resistance
Jewellery
 e - an amulet of guardian spirit
 h - a +5 ring of evasion
 o - a ring of willpower
 A - the ring of the Hare (right hand) {EV+10}
   (You found it in a bailey)

   [ring of evasion]

   EV+10:     It affects your evasion (+10).
 C - a ring of flight
 G - a +6 ring of strength (left hand)
 I - an amulet of regeneration (around neck)
 U - a ring of willpower
 V - a +6 ring of strength
 X - a +6 ring of intelligence
Talismans
 S - the granite talisman "Zaodiroh" {*Slow rF++ Str+4}
   (You took it off Roxanne on level 14 of the Dungeon)

   [granite talisman]

   Str+4:     It affects your strength (+4).
   rF++:      It greatly protects you from fire.
   *Slow:     It may slow you when you take damage.
Wands
 l - a wand of mindburst (3)
 v - a wand of roots (17)
 x - a wand of polymorph (12)
 D - a wand of light (14)
 H - a wand of paralysis (9)
 M - a wand of flame (5)
Scrolls
 a - 4 scrolls of blinking
 k - 5 scrolls of enchant armour
 m - 5 scrolls of identify
 p - 9 scrolls of teleportation
 q - 3 scrolls of revelation
 t - 4 scrolls of poison
 F - a scroll of amnesia
 J - a scroll of silence
 W - a scroll of immolation
Potions
 d - 2 potions of might
 f - 2 potions of berserk rage
 j - 7 potions of mutation
 r - a potion of attraction
 s - 6 potions of curing
 w - a potion of cancellation
 K - a potion of brilliance
 L - a potion of enlightenment
 N - a potion of ambrosia
 T - a potion of invisibility
Miscellaneous
 i - a lightning rod (4/4)
 O - a phial of floods


   Skills:
 - Level 17.0 Fighting
 - Level 18.6(20.5) Axes
 - Level 8.4(14.6) Maces & Flails
 - Level 10.3(14.4) Polearms
 + Level 14.3 Armour
 - Level 8.2 Shields
 - Level 12.7 Invocations
 - Level 13.2 Evocations


You had 16 spell levels left.
You didn't know any spells.
Your spell library contained the following spells:

 Spells                   Type           Power      Damage    Failure   Level
 Apportation              Tloc           0%         N/A       36%         1
 Magic Dart               Conj           0%         1d3       36%         1
 Sting                    Conj/Alch      0%         1d3       36%         1
 Blink                    Tloc           0%         N/A       50%         2
 Call Imp                 Summ           0%         N/A       50%         2
 Cigotuvi's Dreadful Rot  Necr/Alch/Air  0%         N/A       50%         2
 Jinxbite                 Hex            0%         N/A       50%         2
 Mercury Vapours          Alch/Air       0%         N/A       50%         2
 Static Discharge         Conj/Air       0%         3-3/arc   50%         2
 Call Canine Familiar     Summ           0%         N/A       75%         3
 Ozocubu's Armour         Ice            0%         N/A       75%         3
 Sigil of Binding         Hex            0%         N/A       75%         3
 Stone Arrow              Conj/Erth      0%         3d7       75%         3
 Tukima's Dance           Hex            0%         N/A       75%         3
 Volatile Blastmotes      Fire/Tloc      0%         2d10      75%         3
 Airstrike                Air            0%         2d(0-16)  98%         4
 Anguish                  Hex/Necr       0%         N/A       98%         4
 Animate Armour           Summ/Erth      0%         N/A       98%         4
 Cause Fear               Hex            0%         N/A       98%         4
 Dimensional Bullseye     Hex/Tloc       0%         N/A       98%         4
 Fulminant Prism          Conj/Alch      0%         3d5       98%         4
 Ignite Poison            Fire/Alch      0%         N/A       98%         4
 Iskenderun's Mystic Bla  Conj/Tloc      0%         2d3       98%         4
 Olgreb's Toxic Radiance  Alch           0%         N/A       98%         4
 Passage of Golubria      Tloc           0%         N/A       98%         4
 Sticky Flame             Fire/Alch      0%         2d4       98%         4
 Summon Lightning Spire   Summ/Air       0%         N/A       98%         4
 Alistair's Intoxication  Alch           0%         N/A       100%        5
 Freezing Cloud           Conj/Ice/Air   0%         6-21      100%        5
 Lee's Rapid Deconstruct  Erth           0%         3d4*      100%        5
 Metabolic Englaciation   Hex/Ice        0%         N/A       100%        5
 Yara's Violent Unravell  Hex/Alch       0%         3d3       100%        5
 Sculpt Simulacrum        Ice/Alch       0%         N/A       100%        6
 Enfeeble                 Hex            0%         N/A       100%        7
 Ignition                 Fire           0%         3d3       100%        8
 Lehudib's Crystal Spear  Conj/Erth      0%         10d2      100%        8


Dungeon Overview and Level Annotations

Branches:
Dungeon (15/15)            Temple (0/1) D:6            Lair (5/5) D:10
 Shoals (0/4) Lair:3        Snake (3/4) Lair:2        Slime (0/5) Lair:4
    Orc (2/2) D:9             Elf (0/3) Orc:2        Vaults (0/5) D:13
 Depths (0/4) D:15         Bailey (visited)

Altars:
Ashenzari
Dithmenos
Elyvilon
Gozag
Kikubaaqudgha
Nemelex Xobeh
Okawaru
Qazlal
Sif Muna
Wu Jian
Xom
Zin
Beogh

Shops:
D:5 *   D:6 *   Orc:1 (=   Orc:2 *(*:   Snake:2 !   Snake:3 ?[[

Annotations:
D:8 exclusion: ice statue


Innate Abilities, Weirdness & Mutations

Your spellcasting is much less encumbered by armour.
You can use scrolls of enchantment on lesser artefacts.


Message History

You feel very sick.
You are more poisoned.
You block the salamander's attack.
The salamander hits you but does no damage.
The salamander shoots an arrow.
The arrow closely misses you.
Okay, then.
You feel very buoyant.
You fly up into the air.
You feel very sick.
You are more poisoned.
The salamander completely misses you.
The salamander hits you but does no damage.
The salamander hits you from afar with a +4 spear!
* * * LOW HITPOINT WARNING * * *
You are engulfed in flames.
You resist.
You feel more protected from fire.
* * * LOW HITPOINT WARNING * * *
The salamander shoots an arrow.
The arrow barely misses you.
You feel better.
* * * LOW HITPOINT WARNING * * *
You are poisoned.
The salamander hits you but does no damage.
The salamander hits you from afar with a +0 halberd!
* * * LOW HITPOINT WARNING * * *
You are engulfed in flames.
You resist.
* * * LOW HITPOINT WARNING * * *
The salamander closely misses you.
The salamander shoots an arrow.
You block the arrow.
You feel yourself speed up.
You feel very sick.
* * * LOW HITPOINT WARNING * * *
You are more poisoned.
You block the salamander's attack.
The naga warrior roars a battlecry!
The nagas go into a battle-frenzy!
The salamander is engulfed in freezing vapours.
The salamander hits you from afar with a +0 halberd!
* * * LOW HITPOINT WARNING * * *
You are engulfed in flames.
You resist.
* * * LOW HITPOINT WARNING * * *
The salamander hits you from afar with a +4 spear!
You die...

...#.#....>................#
?............>⌠.⌠..........#
.......).......∩..........#.
.......)......⌠.⌠...##...[..
#..N.......#....## #.....
#..)NN#...##...#####.[...
#....NNNN§....[.....).÷..
#.#..N#☼○§..........[))..
#..#.#N.@°°......[÷.).##. .
#...∩...°.°....).).<)).##
..##..#.#..........).)))....
.....#...#.........)())...[.
............................
.......................).(.)
.....#......................
#....#................>.....
......##....................


You could see a naga warrior, 5 salamanders, a naga ritualist (fast, strong,
toxic aura) and 2 nagas.

Vanquished Creatures
  Jorgrun (Snake:1)
  Rupert (Orc:2)
  A tengu reaver (D:11)
  A nagaraja (Snake:3)
  Roxanne (D:14)
  Louise (D:14)
  An orc warlord (Orc:1)
  Azrael (Orc:2)
  A dire elephant (D:15)
  8 vault guards (D:13)
  7 hydras
  4 ogre magi (Orc:2)
  A death knight (D:15)
  5 anacondas
  5 centaur warriors
  A catoblepas (Lair:5)
  2 tengu warriors (D:14)
  21 two-headed ogres
  7 boulder beetles
  A deep troll shaman (Lair:5)
  7 naga warriors
  8 death yaks
  An orc high priest (Orc:2)
  6 naga sharpshooters
  3 shock serpents
  Sonja (Orc:2)
  Urug (Lair:2)
  3 salamander mystics
  9 skeletal warriors
  Lodul (D:14)
  5 skysharks
  9 mana vipers
  Pikel (D:8)
  2 lindwurms (Lair:5)
  5 ugly things (D:15)
  6 naga ritualists
  An orc knight (Orc:1)
  2 deep elf pyromancers (D:12)
  An orc sorcerer (Orc:2)
  7 cyclopes
  4 manticores
  10 salamanders
  18 naga magi
  33 black mambas
  A water nymph (Lair:3)
  2 guardian serpents
  22 elephants
  A guardian serpent (shapeshifter) (D:15)
  14 cane toads
  2 unseen horrors
  4 torpor snails
  A gargoyle (D:13)
  2 rime drakes
  A kobold demonologist (D:11)
  3 efreet
  A freezing wraith (D:15)
  10 komodo dragons
  Psyche (D:9)
  A troll (shapeshifter) (D:13)
  A tengu conjurer (D:14)
  5 ice devils (D:8)
  6 trolls
  9 polar bears
  A merfolk (Lair:3)
  Prince Ribbit (D:5)
  A hornet (D:8)
  12 blink frogs (Lair:5)
  A raiju (shapeshifter) (D:11)
  18 slime creatures
  A culicivora (shapeshifter) (D:11)
  2 shadows
  5 spriggans (Lair:2)
  92 yaks
  A water elemental (D:11)
  3 vampires (D:11)
  2 wraiths
  3 wyverns
  A fire elemental (Orc:2)
  3 wargs
  4 basilisks
  Edmund (D:5)
  7 vampire mosquitoes
  2 acid dragons
  16 water moccasins
  31 nagas
  3 hell hounds (Orc:2)
  6 ice beasts
  24 orc warriors
  2 sky beasts
  4 black bears
  35 ogres
  4 boggarts (D:14)
  25 centaurs
  A lemure (D:8)
  25 wolves
  2 kobold brigands (D:9)
  8 bullfrogs
  4 scorpions
  5 killer bees (D:10)
  14 electric eels
  4 howler monkeys (D:7)
  8 lava snakes
  3 jellies
  A hound (D:6)
  3 bombardier beetles
  12 orc priests
  A gnoll bouda (D:8)
  2 iguanas
  A sleepcap (D:6)
  19 orc wizards
  Terence (D:2)
  7 adders
  A shadow imp (D:6)
  9 ufetubi
  2 dart slugs
  A ribbon worm (D:2)
  67 orcs
  4 bats
  11 endoplasms
  10 giant cockroaches
  9 goblins
  9 hobgoblins
  13 kobolds
  9 ball pythons
  2 frilled lizards
  2 rats (D:1)
883 creatures vanquished.

Vanquished Creatures (collateral kills)
  2 blink frogs (Lair:5)
  An orc warrior (Orc:2)
3 creatures vanquished.

Vanquished Creatures (others)
  A very ugly thing (D:15)
  An ugly thing (D:15)
  A naga (Snake:3)
  An orc (Orc:1)
4 creatures vanquished.

Grand Total: 890 creatures vanquished

Notes
Turn   | Place    | Note
-------+----------+-------------------------------------------
     0 | D:1      | Alarak the Mountain Dwarf Fighter began the quest for the
                  | Orb.
     0 | D:1      | Reached XP level 1. HP: 19/19 MP: 1/1
    64 | D:1      | Reached skill level 3 in Axes
   121 | D:1      | Reached XP level 2. HP: 26/26 MP: 2/2
   340 | D:1      | Reached skill level 4 in Axes
   379 | D:1      | Reached XP level 3. HP: 31/31 MP: 3/3
   708 | D:2      | Found a shadowy altar of Dithmenos.
   828 | D:2      | Noticed Terence
   842 | D:2      | Reached skill level 5 in Axes
   846 | D:2      | Killed Terence
   847 | D:2      | Reached XP level 4. HP: 26/38 MP: 2/4
  1481 | D:3      | Reached skill level 6 in Axes
  1665 | D:3      | Reached XP level 5. HP: 45/45 MP: 5/5
  2672 | D:4      | Reached skill level 5 in Fighting
  2771 | D:4      | Reached XP level 6. HP: 51/56 MP: 4/6
  3280 | D:4      | Noticed a water moccasin
  3299 | D:4      | Killed a water moccasin
  3415 | D:5      | Entered Level 5 of the Dungeon
  3493 | D:5      | Noticed Prince Ribbit
  3502 | D:5      | Killed Prince Ribbit
  3503 | D:5      | Reached XP level 7. HP: 67/67 MP: 7/7
  3570 | D:5      | Noticed Edmund
  3607 | D:5      | Killed Edmund
  3763 | D:5      | Found a shimmering blue altar of Sif Muna.
  3774 | D:5      | Found a shimmering altar of Xom.
  3804 | D:5      | Found Sooz's Assorted Antiques.
  3811 | D:5      | Bought a pair of bloodstained gloves for 209 gold pieces
  3811 | D:5      | Identified the +5 pair of gloves of Pogetz {^Drain Int+6}
                  | (You bought it in a shop on level 5 of the Dungeon)
  3822 | D:5      | Found a stormy altar of Qazlal.
  3843 | D:5      | Became a worshipper of Qazlal Stormbringer
  3898 | D:5      | Found an ornate altar of the Wu Jian Council.
  3967 | D:5      | Found an ancient bone altar of Kikubaaqudgha.
  4208 | D:5      | Found a white marble altar of Elyvilon.
  4320 | D:6      | Reached skill level 5 in Armour
  4320 | D:6      | Reached XP level 8. HP: 74/74 MP: 8/8
  4327 | D:6      | Found a glowing silver altar of Zin.
  4338 | D:6      | Found Kehusam's Overcharged Wands.
  4645 | D:6      | Reached skill level 5 in Shields
  4768 | D:6      | Found a staircase to the Ecumenical Temple.
  4855 | D:6      | Reached XP level 9. HP: 75/81 MP: 7/9
  5380 | D:6      | Found a sparkling altar of Nemelex Xobeh.
  5380 | D:6      | Found an opulent altar of Gozag.
  5388 | D:6      | Reached skill level 1 in Maces & Flails
  5575 | D:7      | Reached skill level 5 in Maces & Flails
  5743 | D:7      | Reached * piety under Qazlal
  5971 | D:7      | Found a flagged portal.
  5979 | D:7      | Identified the +7 halberd of Lagokaan {flame, rPois Will+
                  | Int-2 Stlth+}
  5990 | Bailey   | Entered a bailey
  6152 | Bailey   | Reached skill level 1 in Polearms
  6221 | Bailey   | Reached XP level 10. HP: 91/91 MP: 10/10
  6305 | Bailey   | Found the ring of the Hare {EV+10}
  6364 | Bailey   | Reached ** piety under Qazlal
  6376 | Bailey   | Reached skill level 5 in Polearms
  7122 | D:8      | Noticed Pikel
  7135 | D:8      | Killed Pikel
  7136 | D:8      | Reached skill level 10 in Fighting
  7444 | D:8      | Noticed an ice statue
  7644 | D:8      | Reached XP level 11. HP: 111/111 MP: 11/11
  7670 | D:8      | Reached skill level 15 in Fighting
  7743 | D:8      | Reached XP level 12. HP: 119/119 MP: 12/12
  7861 | D:8      | Found a shadowy altar of Dithmenos.
  8099 | D:9      | Reached *** piety under Qazlal
  8300 | D:9      | Found a staircase to the Orcish Mines.
  8387 | D:9      | Noticed Psyche
  8392 | D:9      | Killed Psyche
  8496 | D:9      | Found an iron altar of Okawaru.
  8935 | D:10     | Entered Level 10 of the Dungeon
  9049 | D:10     | Noticed a two-headed ogre
  9068 | D:10     | Killed a two-headed ogre
  9191 | D:10     | Found a staircase to the Lair.
  9195 | D:10     | Reached **** piety under Qazlal
  9703 | D:11     | Noticed a boulder beetle
  9709 | D:11     | Killed a boulder beetle
  9896 | D:11     | Reached skill level 1 in Invocations
  9969 | D:11     | Noticed a boulder beetle
  9971 | D:11     | Noticed a centaur warrior
  9985 | D:11     | Killed a centaur warrior
  9986 | D:11     | Noticed a centaur warrior
  9994 | D:11     | Killed a centaur warrior
  9995 | D:11     | Reached skill level 5 in Invocations
  9997 | D:11     | Killed a boulder beetle
  9999 | D:11     | Noticed a seven-headed hydra
 10001 | D:11     | Noticed a centaur warrior
 10007 | D:11     | Noticed a centaur warrior
 10008 | D:11     | Killed a four-headed hydra
 10009 | D:11     | Reached XP level 13. HP: 69/132 MP: 7/18
 10731 | D:11     | Reached skill level 10 in Invocations
 11506 | D:11     | Noticed a tengu reaver
 11717 | D:11     | Killed a tengu reaver
 13032 | D:12     | Identified the +2 ring mail of Tender Moments {rF- Str+2
                  | Int+7}
 13310 | Lair:1   | Entered Level 1 of the Lair of Beasts
 14147 | Lair:1   | Reached XP level 14. HP: 140/140 MP: 23/23
 14543 | Lair:2   | Reached skill level 10 in Polearms
 14584 | Lair:2   | Noticed Urug
 14595 | Lair:2   | Killed Urug
 14726 | Lair:2   | Reached skill level 7 in Axes
 14814 | Lair:2   | Reached skill level 8 in Axes
 14985 | Lair:2   | Reached ***** piety under Qazlal
 15368 | Lair:2   | Found a staircase to the Snake Pit.
 15379 | Lair:2   | Reached skill level 9 in Axes
 15657 | Lair:3   | Reached skill level 10 in Axes
 15870 | Lair:3   | Reached skill level 11 in Axes
 15885 | Lair:3   | Found a staircase to the Shoals.
 16351 | Lair:4   | Reached skill level 12 in Axes
 16497 | Lair:4   | Found a staircase to the Slime Pits.
 16573 | Lair:4   | Reached skill level 13 in Axes
 17157 | Lair:5   | Entered Level 5 of the Lair of Beasts
 17176 | Lair:5   | Reached skill level 1 in Evocations
 17202 | Lair:5   | Reached XP level 15. HP: 132/147 MP: 24/24
 17347 | Lair:5   | Reached skill level 5 in Evocations
 18567 | Orc:1    | Entered Level 1 of the Orcish Mines
 18591 | Orc:1    | Reached ****** piety under Qazlal
 18718 | Orc:1    | Found Dopantin's Antique Weapon Shoppe.
 18774 | Orc:1    | Found a roughly hewn altar of Beogh.
 18947 | Orc:1    | Found Xaceff's Jewellery Shop.
 19059 | Orc:2    | Entered Level 2 of the Orcish Mines
 19059 | Orc:2    | Noticed Azrael
 19064 | Orc:2    | Reached skill level 10 in Evocations
 19075 | Orc:2    | Killed Azrael
 19317 | Orc:2    | Noticed Sonja
 19336 | Orc:2    | Killed Sonja
 19428 | Orc:2    | Found Usas's Assorted Antiques.
 19428 | Orc:2    | Found Epreuttuets's Assorted Antiques.
 19429 | Orc:2    | Found Inkut's Book Emporium.
 19429 | Orc:2    | Found Laon's Antique Weapon Boutique.
 19524 | Orc:2    | Noticed Rupert
 19535 | Orc:2    | Killed Rupert
 19542 | Orc:2    | Reached XP level 16. HP: 155/155 MP: 25/25
 19623 | Orc:2    | Found a staircase to the Elven Halls.
 19834 | Orc:2    | Bought a fine broad axe for 198 gold pieces
 19834 | Orc:2    | Identified the +3 broad axe "Zoputweu" {vamp, Dex+4} (You
                  | bought it in a shop on level 2 of the Orcish Mines)
 19835 | Orc:2    | Bought a tubular agate ring for 155 gold pieces
 19835 | Orc:2    | Bought a scroll labelled NEOMPEWKYW for 31 gold pieces
 19838 | Orc:2    | Bought a slimy bardiche for 420 gold pieces
 19838 | Orc:2    | Identified the +10 bardiche of True Grit {flame, Will+
                  | Int+3} (You bought it in a shop on level 2 of the Orcish
                  | Mines)
 20010 | D:13     | Reached skill level 14 in Axes
 20086 | D:13     | Found a gate to the Vaults.
 20348 | D:13     | Reached skill level 15 in Axes
 20718 | D:14     | Noticed Lodul
 20720 | D:14     | Noticed Louise
 20732 | D:14     | Killed Louise
 20740 | D:14     | Killed Lodul
 20746 | D:14     | Reached skill level 16 in Axes
 21064 | D:14     | Identified the granite talisman "Zaodiroh" {*Slow rF++
                  | Str+4}
 21064 | D:14     | Noticed Roxanne
 21077 | D:14     | Killed Roxanne
 21399 | D:15     | Entered Level 15 of the Dungeon
 21418 | D:15     | Reached skill level 17 in Axes
 21761 | D:15     | Found a broken altar of Ashenzari.
 21845 | D:15     | Identified the +5 hand axe of Loedisao {drain, rC+++}
 21925 | D:15     | Found a staircase to the Depths.
 22240 | Snake:1  | Entered Level 1 of the Snake Pit
 22248 | Snake:1  | Reached skill level 18 in Axes
 22725 | Snake:1  | Noticed Jorgrun
 22735 | Snake:1  | Killed Jorgrun
 22738 | Snake:1  | Reached skill level 10 in Armour
 22831 | Snake:1  | Reached XP level 17. HP: 148/161 MP: 1/26
 23514 | Snake:2  | Found a flickering gateway to a bazaar.
 23529 | Bazaar   | Entered a bazaar
 23543 | Bazaar   | Found Refuimo's Antique Weapon Emporium.
 23543 | Bazaar   | Found Dolaroge's Antique Weapon Shoppe.
 23565 | Bazaar   | Found Urphaot's Antique Armour Shoppe.
 23581 | Bazaar   | Found Tivecyih's Jewellery Emporium.
 23581 | Bazaar   | Found Leun Qodu's Assorted Antiques.
 23592 | Bazaar   | Bought a potion of heal wounds for 135 gold pieces
 23592 | Bazaar   | Bought a potion of curing for 81 gold pieces
 23592 | Bazaar   | Bought a twisted silver ring for 135 gold pieces
 23603 | Bazaar   | Found Baph's Book Emporium.
 23608 | Bazaar   | Bought a manual of Axes for 880 gold pieces
 23810 | Snake:2  | Found Hamom's Jewellery Shoppe.
 23810 | Snake:2  | Found Jerag's Distillery.
 23829 | Snake:2  | Bought a potion of heal wounds for 90 gold pieces
 23829 | Snake:2  | Bought a potion of heal wounds for 90 gold pieces
 24545 | Snake:2  | HP: 7/161 [poisoned by a naga ritualist (toxic radiance)]
 24558 | Snake:2  | HP: 11/241 [naga warrior/+0 hand axe (5)]
 24815 | Snake:3  | Found Amumamo's Armour Emporium.
 25004 | Snake:3  | Found Ruut's Armour Shoppe.
 25017 | Snake:3  | Found Kugosk's Magic Scroll Boutique.
 25025 | Snake:3  | Bought a scroll of teleportation for 51 gold pieces
 25025 | Snake:3  | Bought a scroll of teleportation for 51 gold pieces
 25063 | Snake:3  | Slain by a salamander

Illustrated notes

Levels and vault maps discovered:
D:1:      amcnicky_arrival_choice, layout_basic
D:2:      layout_basic, basic_altar, uniq_terence
D:3:      minmay_roachtagon, layout_loops_ring, nrook_uturn,
          minmay_misc_feat_tower, st_stairs_2, grunt_decor_resistance,
          nicolae_underground_beach
D:4:      layout_gridville, hangedman_decor_slide_cut, minmay_distorted
D:5:      layout_loops_ring, old_standard_altar, old_standard_altar,
          mainiacjoe_overflow_boulevard, mainiacjoe_overflow_small_starburst,
          mainiacjoe_overflow_brackets, general_overflow_altar, serial_shops,
          shop, uniq_prince_ribbit1, uniq_edmund
D:6:      layout_loops_corners, grunt_temple_overflow_opulence,
          amcnicky_altar_gilded, minmay_temple_entry_crystal_x,
          nicolae_shop_overcharged_wands
D:7:      layout_basic, enter_bailey_2
D:8:      cheibrodos_frozen_isle, layout_cave_pools, lemuel_round_altar,
          dreamdust_gnoll_shepherd, uniq_pikel
D:9:      layout_basic, okawaru_ov_weapons_minmay, david_orc_3,
          chequers_big_river, uniq_psyche
D:10:     layout_gridville, hellmonk_lair_entry_icy
D:11:     hangedman_cross_veins, layout_basic, kennysheep_island_fort
D:12:     layout_stronghold
D:13:     layout_roguey, erik_vaults_2, serial_curves, eino_curves_02,
          eino_curves_03
D:14:     layout_basic, nicolae_wwwww, hangedman_decor_peaks_small, uniq_lodul,
          uniq_roxanne, uniq_louise
D:15:     hangedman_depths_entry_try_elsewhere_first, layout_rooms,
          nicolae_ashenzari_panopticon, minmay_sticks_and_stones
Lair:1:   layout_chaotic_city, serial_bayou_shore_a,
          infiniplex_staircase_pool_2, grunt_megastairs_1
Lair:2:   layout_roguey, nicolae_snake_entry_warm_welcome, minivault_27,
          wad_woods_01, uniq_urug
Lair:3:   layout_roguey, nicolae_shoals_entry_flooding, minivault_25,
          lemuel_fruit_fields
Lair:4:   layout_loops_ring, minmay_slime_entry_pillars,
          nicolae_lair_liquid_snakes, grunt_megastairs_5
Lair:5:   grunt_lair_end_beastmaster, layout_regular_city, serial_bayou,
          serial_bayou_ford_a, serial_bayou_lake_a, serial_bayou_lagoon_a,
          serial_bayou_pond_c
Snake:1:  layout_cave_pods, grunt_ministairs_1, lemuel_fruit_tree, uniq_jorgrun
Snake:2:  layout_grid_shapes, special_room, serial_shops, bzr_entry_gold,
          statue_in_the_mist_lemuel, nicolae_zig_zag_zippers, minmay_shoptagon
Snake:3:  layout_grid_shapes, serial_shops, shop, nicolae_shop_advertising_works
          [nicolae_subvault_shop_adworks], nicolae_shop_hallway_plus,
          shop_fountains
Orc:1:    layout_caves, basic_altar, serial_shops, shop, nicolae_lakefront_shop,
          nicolae_shop_real_fake_doors, shop, shop, nicolae_shop_firing_range,
          uniq_harold
Orc:2:    st_orc_ogre_mass, layout_caves, uniq_azrael, uniq_rupert, uniq_sonja

Skill      XL: |  1  2  3  4  5  6  7  8  9 10 11 12 13 14 15 16 17 |
---------------+----------------------------------------------------+-----
Axes           | 3 4 5 6 13 18 | 18.6
Fighting       | 5 7 8 9 14 15 17 | 17.0
Armour         | 5 6 9 10 14 | 14.3
Shields        | 8 |  8.2
Maces & Flails | 8 |  8.4
Polearms       | 2 5 9 10 | 10.3
Invocations    | 6 12 | 12.7
Evocations     | 3 13 | 13.2

Action                     |  1- 3 |  4- 6 |  7- 9 | 10-12 | 13-15 | 16-18 || total
---------------------------+-------+-------+-------+-------+-------+-------++-------
  Melee: War axe           |    83 |     1 |       |       |       |       ||    84
         Spear             |       |   148 |    26 |       |       |       ||   174
         Whip              |       |    24 |       |       |       |       ||    24
         Flail             |       |       |   190 |       |       |       ||   190
         Halberd           |       |       |    38 |   451 |  1136 |   356 ||  1981
         Bardiche          |       |       |       |       |       |   240 ||   240
 Invoke: Upheaval          |       |       |       |     2 |    10 |     1 ||    13
         Disaster Area     |       |       |       |       |     3 |     5 ||     8
         Elemental Force   |       |       |       |       |     2 |       ||     2
  Evoke: Lightning rod     |       |       |       |       |     8 |     1 ||     9
         Phial of floods   |       |       |       |       |     1 |       ||     1
    Use: Scroll            |     1 |     5 |     1 |     5 |     8 |     2 ||    22
         Potion            |       |       |       |     6 |     3 |    16 ||    25
   Stab: Distracted        |       |       |       |       |     1 |       ||     1
 Armour: Scale mail        |    65 |    46 |   106 |       |       |       ||   217
         Plate armour      |       |       |    38 |   245 |   504 |   438 ||  1225
  Dodge: Dodged            |    55 |    85 |   171 |   550 |   865 |   577 ||  2303
         Repelled          |       |       |     1 |     2 |    15 |    36 ||    54
  Block: Buckler           |    17 |    24 |    44 |       |       |       ||    85
         Other             |       |       |     2 |    77 |   257 |   191 ||   527

Table legend: (Time is in decaauts)
 A = Elapsed time spent in this place.
 B = Non-inter-level travel time spent in this place.
 C = Inter-level travel time spent in this place.
 D = Time resting spent in this place.
 E = Time spent auto-exploring this place.
 F = Levels seen in this place.
 G = Mean time per level.
                   A        B        C        D        E       F      G
               +--------+--------+--------+--------+--------+-----+--------+
         Total |  25244 |  23605 |   1639 |   3108 |  15509 |  27 |  935.0 |
       Dungeon |  15317 |  14214 |   1103 |   2026 |   9439 |  15 | 1021.1 |
          Lair |   5297 |   4961 |    336 |    380 |   3500 |   5 | 1059.4 |
     Snake Pit |   2660 |   2532 |    128 |    601 |   1403 |   3 |  886.7 |
  Orcish Mines |   1222 |   1151 |     71 |    101 |    769 |   2 |  611.0 |
        Bazaar |     95 |     95 |      0 |      0 |     88 |   1 |   95.0 |
        Bailey |    650 |    650 |      0 |      0 |    309 |   1 |  650.0 |
               +--------+--------+--------+--------+--------+-----+--------+

Top non-repeatable levels by time:
    D:11: 2460 daAuts
  Lair:5: 1299 daAuts
  Lair:1: 1277 daAuts
     D:6: 1267 daAuts
 Snake:2: 1197 daAuts
    D:12: 1174 daAuts
 Snake:1: 1158 daAuts
  Lair:2: 1013 daAuts
     D:4: 1010 daAuts
    D:10: 1010 daAuts
     D:7: 985 daAuts
     D:8: 974 daAuts
     D:9: 952 daAuts
     D:3: 950 daAuts
  Lair:4: 936 daAuts
